 Dungeon Crawl Stone Soup version 0.20-a0-556-g892c87b (webtiles) character file.

81 polly the Magician (level 4, -6/24 HPs)
             Began as a Deep Elf Wizard on Feb 5, 2017.
             Killed from afar by an orc wizard (8 damage)
             ... with a magic dart
             ... on level 2 of the Dungeon.
             The game lasted 00:03:14 (1825 turns).

polly the Magician (Deep Elf Wizard)                Turns: 1825, Time: 00:03:15

Health: -6/24      AC:  2    Str:  4    XL:     4   Next: 19%
Magic:  13/14      EV: 13    Int: 24    God:
Gold:   103        SH:  0    Dex: 13    Spells: 14/15 levels left

rFire    . . .     SeeInvis .   (no weapon)
rCold    . . .     Gourm    .   a - +0 robe
rNeg     . . .     Faith    .   (no shield)
rPois    .         Spirit   .   b - +0 hat
rElec    .         Reflect  .   (no cloak)
rCorr    .         Harm     .   (no gloves)
MR       .....                  (no boots)
Stlth    ++........             (no amulet)
Regen    0.1/turn               (no ring)
                                (no ring)

@: no status effects
A: no striking features
a: no special abilities


You were on level 2 of the Dungeon.
You were hungry.

You visited 1 branch of the dungeon, and saw 3 of its levels.

You collected 103 gold pieces.

Inventory:

Armour
 a - a +0 robe (worn)
 b - a +0 hat (worn)
Jewellery
 g - a cursed ring of teleportation {unknown}
Scrolls
 e - 2 scrolls of identify {unknown}
 f - a scroll of amnesia {unknown}
 i - 2 scrolls of teleportation {unknown}
 k - a scroll of remove curse {unknown}
Potions
 j - 2 potions of curing {unknown}
 l - a potion of flight {unknown}
 m - a potion of heal wounds {unknown}
Books
 c - a book of Minor Magic

   Spells                             Type                      Level
   a - Magic Dart                     Conjuration                  1
   b - Blink                          Translocation                2
   c - Call Imp                       Summoning                    2
   d - Repel Missiles                 Charms/Air                   2
   e - Slow                           Hexes                        2
   f - Conjure Flame                  Conjuration/Fire             3
   g - Mephitic Cloud                 Conjuration/Poison/Air       3
Comestibles
 d - a bread ration
 h - a fruit


   Skills:
 + Level 2.8 Dodging
 + Level 3.1 Stealth
 + Level 6.1 Spellcasting
 + Level 2.0 Conjurations
   Level 1.1 Summonings
   Level 1.1 Translocations


You had 14 spell levels left.
You knew the following spells:

 Your Spells              Type           Power        Failure   Level  Hunger
a - Magic Dart            Conj           ###.         3%          1    None


Dungeon Overview and Level Annotations

Branches:
Dungeon (3/15)

Altars:


Message History

Aiming: Magic Dart
Press: ? - help, Shift-Dir - straight line, f - orc
Aim: an orc, wielding a dagger of speed (almost dead)
The magic dart hits the orc.
You kill the orc!
The orc wizard begins to cast a cantrip, but forgets the words!
The orc hits you with a whip. The goblin misses you.
The orc wizard hits you with a dagger. The goblin hits you.
The orc wizard hits you with a dagger.
The orc wizard mumbles some strange words.
The orc wizard seems to speed up.
The orc wizard begins to cast a cantrip, but forgets the words!
The orc wizard miscasts a cantrip.
The orc wizard points at you and mumbles some strange words.
The puff of flame hits you!
Ouch! That really hurt!
* * * LOW HITPOINT WARNING * * *
The orc wizard casts a spell at you. The magic dart hits you!
You die...

.....).##.#.##.#...........#
.......##.#.##.#...........#
.......##.#................#
.......##.####.#...........#
.####'###......#...........#
........########oo.........#
........# #g..........#
........# #...........#
).......# #@##....)..##
#####.### #.########.# #.#
######.#......#.# #####.#
#......#.####.#.#######
......#
#.............#.#......
#####.#
#...........(##.#.#####
......#
#............##.#.#..<#
.###..#
#....>.......##.#.#.###
.###..#
#............##.#.#.# #


You could see an orc wizard, an orc and a goblin.

Vanquished Creatures
  3 adders (D:2)
  A worm (D:2)
  A dart slug (D:1)
  2 leopard geckos
  An orc (D:2)
  2 giant cockroaches
  4 goblins
  5 hobgoblins
  6 kobolds
  A quokka (D:2)
  6 bats
  7 frilled lizards
  8 rats
47 creatures vanquished.

Notes
Turn   | Place    | Note
-------+----------+-------------------------------------------
     0 | D:1      | polly the Deep Elf Wizard began the quest for the Orb.
     0 | D:1      | Reached XP level 1. HP: 10/10 MP: 7/7
   102 | D:1      | Reached XP level 2. HP: 15/15 MP: 2/9
   168 | D:1      | Reached skill level 5 in Spellcasting
   884 | D:2      | Reached XP level 3. HP: 19/19 MP: 5/11
  1530 | D:2      | Reached XP level 4. HP: 24/24 MP: 10/13
  1749 | D:2      | Reached skill level 6 in Spellcasting
  1825 | D:2      | Killed from afar by an orc wizard

Vault maps used:
D:1:      onia_arrival_larder
D:3:      kennysheep_six_static_rooms, nicolae_qazlal_style_of_elements,
          uniq_robin

Skill      XL: |  1  2  3  4 |
---------------+-------------+-----
Spellcasting   | 5 6 |  6.1
Stealth        | 3 |  3.1
Conjurations   | 2 |  2.0
Dodging        | |  2.8
Summonings     | |  1.1
Translocations | |  1.1

Action                   |  1- 3 |  4- 6 || total
-------------------------+-------+-------++-------
 Cast: Magic Dart        |    92 |    11 ||   103
  Eat: Chunk             |     1 |     1 ||     2
Armor: Robe              |     2 |       ||     2
Dodge: Dodged            |     4 |     4 ||     8
